[Event "EYCC Girls-U18 2019"]
[Site "Bratislava"]
[Date "2019.08.08"]
[Round "7.11"]
[White "Koubova, Anna Marie"]
[Black "Gajcin, Marina"]
[Result "1/2-1/2"]
[ECO "D72"]
[WhiteElo "2094"]
[BlackElo "2267"]
[Annotator "NA"]
[PlyCount "202"]
[EventDate "2019.08.02"]
[EventType "swiss"]
[EventCountry "SVK"]
[SourceTitle "playchess.com"]
[Source "ChessBase"]
[SourceQuality "1"]
[TimeControl "40/5400+30:1800+30"]

1. d4 Nf6 2. c4 g6 3. g3 Bg7 4. Bg2 d5 5. cxd5 Nxd5 6. e4 Nb6 7. Ne2 c5 8. d5 e6 9. O-O O-O 10. Nec3 exd5 11. exd5 Nc4 12. Nd2 Ne5 13. Nde4 Na6 14. b3 Bg4 15. f3 Bf5 16. Bg5 f6 17. Be3 Rc8 18. g4 Bd7 19. h3 Nf7 20. Rc1 f5 21. Nf2 Re8 22. Re1 Qh4 23. Nb1 Rxe3 24. Rxe3 Bd4 25. Qd2 Bxe3 26. Qxe3 Re8 27. Qd2 Qg3 28. Nd3 b6 29. Re1 Rxe1+ 30. Qxe1 Qxe1+ 31. Nxe1 Kf8 32. a4 Nb4 33. Nc3 f4 34. Bf1 Ne5 35. h4 Ke7 36. Bc4 h6 37. g5 hxg5 38. hxg5 Nf7 39. Ne4 Nd6 40. Ng2 Bf5 41. Nxd6 Kxd6 42. Nxf4 Ke5 43. Ng2 Nxd5 44. Kf2 Nf4 45. Ne3 Bb1 46. Kg3 Nh5+ 47. Kg4 Kd4 48. Nd5 Bf5+ 49. Kh4 Ng7 50. Ne7 Bc2 51. Nd5 Nf5+ 52. Kg4 Ne3+ 53. Nxe3 Kxe3 54. f4 Bf5+ 55. Kg3 Ke4 56. Bf7 Kd4 57. Kf3 a6 58. Be8 Kd3 59. Bc6 Kd4 60. Be8 Bc2 61. Bf7 b5 62. axb5 axb5 63. Be6 Bd1+ 64. Kf2 Ke4 65. Kg3 Bh5 66. Bf7 Kf5 67. Bd5 Bd1 68. Bf7 Be2 69. Kf2 Bd1 70. Ke3 Bc2 71. Bd5 Kg4 72. Be6+ Kg3 73. Bd5 Kg4 74. Be6+ Bf5 75. Bd5 Kg3 76. Bc6 b4 77. Bd5 Kg4 78. Bf3+ Kh4 79. Bd5 Kg3 80. Bf7 Kg2 81. Bc4 Kg3 82. Bd5 Kh4 83. Bc4 Bc2 84. Kd2 Bb1 85. Ke3 Kg3 86. Bd5 Bc2 87. Bf7 Kg2 88. Bc4 Bf5 89. Ke2 Kg3 90. Ke3 Bb1 91. Bd5 Kg4 92. Be6+ Bf5 93. Bc4 Bc2 94. Be6+ Kh5 95. Kd2 Be4 96. Ke3 Bb1 97. Bd5 Bf5 98. Bc4 Kg4 99. Bf7 Bc2 100. Be6+ Kg3 101. Bd5 Bf5 {[%emt 0:00:14] Ke4} 1/2-1/2

[Event "EYCC Girls-U18 2019"]
[Site "Bratislava"]
[Date "2019.08.08"]
[Round "7.12"]
[White "Swiech, Joanna"]
[Black "Nazarova, Anastasia"]
[Result "1/2-1/2"]
[ECO "D35"]
[WhiteElo "2025"]
[BlackElo "2149"]
[Annotator "NA"]
[PlyCount "157"]
[EventDate "2019.08.02"]
[EventType "swiss"]
[EventCountry "SVK"]
[SourceTitle "playchess.com"]
[Source "ChessBase"]
[SourceQuality "1"]
[TimeControl "40/5400+30:1800+30"]

1. d4 Nf6 2. c4 e6 3. Nc3 d5 4. cxd5 exd5 5. Bg5 Be7 6. e3 c6 7. Bd3 Nbd7 8. Qc2 Nh5 9. Bxe7 Qxe7 10. Nge2 g6 11. O-O-O Nb6 12. Kb1 Be6 13. Rc1 Nf6 14. h3 O-O-O 15. Na4 Nfd7 16. Nxb6+ Nxb6 17. Nc3 Nc4 18. Na4 Qb4 19. Ka1 Nd6 20. Nc5 Bf5 21. Bxf5+ Nxf5 22. Rhd1 Nd6 23. Rd3 Qb6 24. Qa4 a6 25. Rb3 Nb5 26. Qb4 Qc7 27. a4 Nd6 28. Rc2 Rhe8 29. Qe1 Re7 30. Qc1 Qa5 31. Ra3 Nc4 32. Ra2 f6 33. b3 Nd6 34. Rab2 Qb4 35. Ka2 Ne4 36. Nxe4 Rxe4 37. Rc5 Kb8 38. a5 Rde8 39. g3 f5 40. h4 h6 41. Rbc2 g5 42. hxg5 hxg5 43. R2c3 Rh8 44. Qd1 f4 45. gxf4 gxf4 46. Qg1 fxe3 47. fxe3 Reh4 48. Rc2 Rh3 49. Re2 Re8 50. Qc1 Rg3 51. Kb2 Reg8 52. Qc3 Qxc3+ 53. Rxc3 R8g4 54. Rc1 Re4 55. Rce1 Kc7 56. b4 Rg7 57. Kc3 Rge7 58. Kd3 b6 59. axb6+ Kxb6 60. Ra2 Re8 61. Ra3 Rh4 62. Rea1 Ra8 63. Ra5 Rh2 64. R5a2 Rxa2 65. Rxa2 Rh8 66. Ra5 Rh1 67. Kc2 Rf1 68. Ra3 Rf2+ 69. Kc3 Re2 70. Kd3 Rb2 71. Ra4 Rb3+ 72. Kd2 Kb7 73. Ke2 Ka7 74. Kd2 Kb6 75. Ke2 Kb5 76. Ra5+ Kxb4 77. Rxa6 Kb5 78. Ra2 Rb1 79. Rc2 1/2-1/2

[Event "EYCC Girls-U18 2019"]
[Site "Bratislava"]
[Date "2019.08.08"]
[Round "7.13"]
[White "Grigoryan, Arpine"]
[Black "Represa Perez, Mireya"]
[Result "1-0"]
[ECO "B51"]
[WhiteElo "1996"]
[BlackElo "2017"]
[Annotator "NA"]
[PlyCount "99"]
[EventDate "2019.08.02"]
[EventType "swiss"]
[EventCountry "SVK"]
[SourceTitle "playchess.com"]
[Source "ChessBase"]
[SourceQuality "1"]
[TimeControl "40/5400+30:1800+30"]

1. e4 c5 2. Nf3 d6 3. Bb5+ Nd7 4. O-O a6 5. Bd3 Ngf6 6. c3 b5 7. Bc2 e5 8. d4 Be7 9. a4 Bb7 10. Re1 O-O 11. Nbd2 Re8 12. d5 Bf8 13. b3 g6 14. Qe2 Qb6 15. Bd3 Nh5 16. g3 Reb8 17. Bb2 Nhf6 18. axb5 a5 19. Ra2 Qd8 20. Rea1 Bc8 21. c4 Ra7 22. Bc3 Rba8 23. Nf1 Nb8 24. Qd2 Ng4 25. Rxa5 Bh6 26. Qe1 Rxa5 27. Rxa5 Rxa5 28. Bxa5 Qe7 29. b4 Nd7 30. Bc2 Qf8 31. N1d2 Bxd2 32. Qxd2 Kh8 33. Qg5 Ngf6 34. bxc5 h6 35. Qe3 Nxc5 36. Bb4 Ng4 37. Qc3 Nd7 38. h3 Ngf6 39. Nxe5 Kg8 40. Nxd7 Nxd7 41. e5 Nxe5 42. Qxe5 dxe5 43. Bxf8 Kxf8 44. c5 Ke7 45. c6 Kd6 46. b6 Bxh3 47. b7 Kc7 48. d6+ Kb8 49. Be4 f5 50. c7+ 1-0

[Event "EYCC Girls-U18 2019"]
[Site "Bratislava"]
[Date "2019.08.08"]
[Round "7.14"]
[White "Ferkova, Dominika"]
[Black "Nastase, Andreea-Cristina"]
[Result "1/2-1/2"]
[ECO "E54"]
[WhiteElo "2009"]
[BlackElo "1948"]
[Annotator "NA"]
[PlyCount "81"]
[EventDate "2019.08.02"]
[EventType "swiss"]
[EventCountry "SVK"]
[SourceTitle "playchess.com"]
[Source "ChessBase"]
[SourceQuality "1"]
[TimeControl "40/5400+30:1800+30"]

1. d4 Nf6 2. c4 e6 3. Nc3 Bb4 4. e3 O-O 5. Bd3 d5 6. Nf3 dxc4 7. Bxc4 c5 8. O-O b6 9. Qe2 cxd4 10. exd4 Bxc3 11. bxc3 Qc7 12. Bb2 Bb7 13. h3 Nbd7 14. Bb3 a6 15. a4 b5 16. Rfc1 Qb6 17. Rab1 Be4 18. Bc2 Qc6 19. Bxe4 Qxe4 20. Qxe4 Nxe4 21. Re1 Nef6 22. Ba3 Rfc8 23. axb5 axb5 24. Bb4 Nd5 25. Rec1 f6 26. Nd2 N7b6 27. Ne4 Nf4 28. Rc2 Nc4 29. Bd6 Nxd6 30. Nxd6 Rxc3 31. Rxc3 Ne2+ 32. Kh2 Nxc3 33. Rb3 Rd8 34. Nb7 Rb8 35. Nc5 Nd5 36. Nxe6 Kf7 37. Nc5 Nc7 38. Ra3 Ra8 39. Rb3 Rb8 40. Ra3 Ra8 41. Rb3 1/2-1/2

[Event "EYCC Girls-U18 2019"]
[Site "Bratislava"]
[Date "2019.08.08"]
[Round "7.15"]
[White "Verbin, Valentina"]
[Black "Rudzinska, Michalina"]
[Result "0-1"]
[ECO "B42"]
[WhiteElo "1958"]
[BlackElo "2143"]
[Annotator "NA"]
[PlyCount "94"]
[EventDate "2019.08.02"]
[EventType "swiss"]
[EventCountry "SVK"]
[SourceTitle "playchess.com"]
[Source "ChessBase"]
[SourceQuality "1"]
[TimeControl "40/5400+30:1800+30"]

1. e4 c5 2. Nf3 e6 3. d4 cxd4 4. Nxd4 a6 5. Bd3 Nc6 6. Be3 Nf6 7. Nxc6 dxc6 8. O-O e5 9. h3 Be7 10. c4 Be6 11. c5 Nd7 12. Qc2 Qa5 13. Rc1 Rd8 14. Be2 O-O 15. a3 Kh8 16. b4 Qc7 17. Nd2 f5 18. exf5 Bxf5 19. Qb2 Nf6 20. Bg5 h6 21. Be3 Nd5 22. Nc4 Bf6 23. Qb3 Bh7 24. Nd6 Nxe3 25. fxe3 b5 26. Bh5 Bg8 27. Qc2 Be7 28. Nf5 Bh7 29. e4 Bg5 30. Nd6 Bxc1 31. Rxc1 Qe7 32. Rd1 g6 33. Bg4 h5 34. Bf3 Bg8 35. Qd2 Kh7 36. Qe3 Be6 37. Rf1 Qh4 38. Qf2 Qg5 39. h4 Qe7 40. Qg3 Rf4 41. Qg5 Qxg5 42. hxg5 h4 43. Kf2 h3 44. g3 Rxf3+ 45. Kxf3 Rf8+ 46. Ke2 Bc4+ 47. Nxc4 Rxf1 0-1

[Event "EYCC Girls-U18 2019"]
[Site "Bratislava"]
[Date "2019.08.08"]
[Round "7.16"]
[White "Ziegenfuss, Antonia"]
[Black "Ucekajova, Veronika"]
[Result "1-0"]
[ECO "A40"]
[WhiteElo "2063"]
[BlackElo "1836"]
[Annotator "NA"]
[PlyCount "65"]
[EventDate "2019.08.02"]
[EventType "swiss"]
[EventCountry "SVK"]
[SourceTitle "playchess.com"]
[Source "ChessBase"]
[SourceQuality "1"]
[TimeControl "40/5400+30:1800+30"]

1. d4 g6 2. c4 Bg7 3. Nc3 c5 4. d5 Bxc3+ 5. bxc3 Qa5 6. Qb3 f5 7. e3 d6 8. Bd3 Nf6 9. Ne2 Nbd7 10. h4 Ne5 11. Nf4 Kf7 12. Be2 Bd7 13. Nd3 Nxc4 14. Qxc4 b5 15. Qb3 c4 16. Qb4 Qxb4 17. Nxb4 a5 18. Nc2 Nxd5 19. Bf3 e6 20. Bxd5 exd5 21. a3 h5 22. g3 a4 23. Ke2 Rhe8 24. Rd1 Bc6 25. Nb4 Bb7 26. Ra2 Ke6 27. Rad2 Red8 28. Nxd5 Bxd5 29. Rxd5 Rab8 30. e4 fxe4 31. Bf4 Rb6 32. Be3 Rb7 33. Bc5 1-0

[Event "EYCC Girls-U18 2019"]
[Site "Bratislava"]
[Date "2019.08.08"]
[Round "7.17"]
[White "Chrysogelou, Athanasia-Panagiota"]
[Black "Maksimovic, Masa"]
[Result "1-0"]
[ECO "A40"]
[WhiteElo "1770"]
[BlackElo "2102"]
[Annotator "NA"]
[PlyCount "137"]
[EventDate "2019.08.02"]
[EventType "swiss"]
[EventCountry "SVK"]
[SourceTitle "playchess.com"]
[Source "ChessBase"]
[SourceQuality "1"]
[TimeControl "40/5400+30:1800+30"]

1. d4 g6 2. c4 Bg7 3. e4 d6 4. Nc3 e5 5. Nge2 Nc6 6. Be3 exd4 7. Nxd4 Ne5 8. Be2 Nf6 9. f3 O-O 10. O-O c6 11. Nc2 Qc7 12. Qd2 Be6 13. b3 Rfd8 14. Nd4 Bd7 15. Rac1 Be8 16. Rfd1 Rac8 17. Kh1 Qb8 18. Bg5 Qc7 19. Qf4 Qe7 20. Nc2 a6 21. Qh4 Ned7 22. Ne3 Rb8 23. Ng4 h5 24. Ne3 Rdc8 25. Qf4 Bf8 26. Qg3 Qe6 27. Bf4 Ne5 28. c5 Nfd7 29. Nc4 h4 30. Qxh4 Nxc5 31. Qg3 Ncd7 32. h4 b5 33. Ne3 Bg7 34. b4 Ra8 35. h5 Nf8 36. hxg6 Qxg6 37. Qh2 Rd8 38. Nf5 Qe6 39. Bg5 f6 40. Bh6 Bxh6 41. Qxh6 Ra7 42. Qe3 Rh7+ 43. Kg1 Bg6 44. Qb6 Nf7 45. Ne3 Qe5 46. Ng4 Qf4 47. Qxc6 Ne5 48. Nd5 Qxg4 49. fxg4 Nxc6 50. Nxf6+ Kg7 51. Nxh7 Nxb4 52. Nxf8 Kxf8 53. a3 Na2 54. Rc2 Bf7 55. Rf1 Kg7 56. Rxf7+ Kxf7 57. Rxa2 Ke6 58. Kf2 Ke5 59. Ke3 Rc8 60. Rd2 Rc3+ 61. Rd3 Rc1 62. Rd5+ Ke6 63. g5 Rc3+ 64. Rd3 Rc7 65. Bg4+ Ke7 66. g6 Rc6 67. Bf5 a5 68. Kf4 b4 69. g7 1-0

[Event "EYCC Girls-U18 2019"]
[Site "Bratislava"]
[Date "2019.08.08"]
[Round "7.18"]
[White "Olde, Grete"]
[Black "Hryshchenko, Kamila"]
[Result "0-1"]
[ECO "B06"]
[WhiteElo "1955"]
[BlackElo "2060"]
[Annotator "NA"]
[PlyCount "66"]
[EventDate "2019.08.02"]
[EventType "swiss"]
[EventCountry "SVK"]
[SourceTitle "playchess.com"]
[Source "ChessBase"]
[SourceQuality "1"]
[TimeControl "40/5400+30:1800+30"]

1. e4 g6 2. d4 Bg7 3. Nf3 d6 4. Bc4 e6 5. O-O Ne7 6. Nc3 O-O 7. Re1 Nd7 8. h3 a6 9. a4 b6 10. Nh2 e5 11. Bg5 h6 12. Be3 Kh7 13. f4 f5 14. fxe5 dxe5 15. d5 Nf6 16. exf5 gxf5 17. Bf2 Ng6 18. Nf3 Ne8 19. h4 Nd6 20. Bb3 e4 21. h5 Nf4 22. Be3 Nxh5 23. Nd4 Qh4 24. Bf2 Qg5 25. Re3 Bxd4 26. Qxd4 Rg8 27. g3 Qg6 28. Kf1 f4 29. gxf4 Nf5 30. Qxe4 Nxe3+ 31. Qxe3 Re8 32. Qf3 Bg4 33. Qh1 Nxf4 0-1

[Event "EYCC Girls-U18 2019"]
[Site "Bratislava"]
[Date "2019.08.08"]
[Round "7.19"]
[White "Moscicka, Pola"]
[Black "Poliakova, Varvara"]
[Result "0-1"]
[ECO "C77"]
[WhiteElo "1870"]
[BlackElo "1872"]
[Annotator "NA"]
[PlyCount "116"]
[EventDate "2019.08.02"]
[EventType "swiss"]
[EventCountry "SVK"]
[SourceTitle "playchess.com"]
[Source "ChessBase"]
[SourceQuality "1"]
[TimeControl "40/5400+30:1800+30"]

1. e4 e5 2. Nf3 Nc6 3. Bb5 a6 4. Ba4 Nf6 5. d3 d6 6. O-O g6 7. c3 Bg7 8. Re1 O-O 9. Bg5 h6 10. Bh4 Re8 11. Nbd2 b5 12. Bc2 Bb7 13. Nf1 Qd7 14. Qd2 Nh5 15. Ne3 Nd8 16. Bg3 Ne6 17. d4 Rad8 18. Bh4 exd4 19. cxd4 Rb8 20. d5 Nc5 21. Nd1 Kh7 22. Rb1 b4 23. Bg3 Nf6 24. Qf4 Kg8 25. b3 g5 26. Qf5 Qxf5 27. exf5 Bxd5 28. Ne3 Be4 29. Bxe4 Nfxe4 30. Nd5 Rbc8 31. Rbd1 Bc3 32. Re3 Kf8 33. a3 a5 34. axb4 axb4 35. Nd4 c6 36. Nb6 Rb8 37. Rxe4 Nxe4 38. Nd7+ Kg8 39. Nxb8 Rxb8 40. Nxc6 Ra8 41. f3 Nxg3 42. hxg3 Ra3 43. Rxd6 Rxb3 44. Ne7+ Kh7 45. Nd5 Be5 46. Nf6+ Kg7 47. Nh5+ Kf8 48. Rd5 Rb1+ 49. Kh2 f6 50. f4 Bc3 51. Rc5 Ba1 52. Rc7 b3 53. Ng7 Re1 54. Ne6+ Ke8 55. fxg5 hxg5 56. Ng7+ Kd8 57. Rb7 b2 58. Ne6+ Kc8 0-1

[Event "EYCC Girls-U18 2019"]
[Site "Bratislava"]
[Date "2019.08.08"]
[Round "7.20"]
[White "Kostecka, Marika"]
[Black "Kulpa, Zuzanna"]
[Result "0-1"]
[ECO "C93"]
[WhiteElo "1924"]
[BlackElo "1802"]
[Annotator "NA"]
[PlyCount "148"]
[EventDate "2019.08.02"]
[EventType "swiss"]
[EventCountry "SVK"]
[SourceTitle "playchess.com"]
[Source "ChessBase"]
[SourceQuality "1"]
[TimeControl "40/5400+30:1800+30"]

1. e4 e5 2. Nf3 Nc6 3. Bb5 a6 4. Ba4 Nf6 5. O-O Be7 6. Re1 b5 7. Bb3 d6 8. c3 O-O 9. h3 h6 10. d4 Re8 11. Nbd2 Bf8 12. Nf1 Bd7 13. Ng3 Na5 14. Bc2 c5 15. b3 Nc6 16. Be3 Rb8 17. Qd2 a5 18. d5 Ne7 19. b4 c4 20. a4 axb4 21. cxb4 Qc7 22. Qc3 Rb7 23. axb5 Bxb5 24. Ba4 Qd7 25. Bxb5 Qxb5 26. Bd2 Rc8 27. Ra5 Qd7 28. Rb1 Qc7 29. b5 Nd7 30. Be3 Nc5 31. Bxc5 Qxc5 32. b6 Rxb6 33. Rxc5 Rxb1+ 34. Nf1 Rxc5 35. N3d2 Rb8 36. Nxc4 Rbc8 37. Nfd2 Ng6 38. g3 Be7 39. Qb3 Nf8 40. Qa4 f5 41. f3 fxe4 42. fxe4 Bg5 43. Nxd6 Bxd2 44. Nxc8 Rxc8 45. Kf2 Bg5 46. Qa6 Rd8 47. Kf3 Be7 48. Qb7 Kf7 49. Qc7 Rd6 50. h4 h5 51. Ke2 Nd7 52. Ke3 Nf6 53. Kf3 Ng4 54. Ke2 Rf6 55. Kd3 Rf3+ 56. Kc4 Rf6 57. Kd3 Ra6 58. Ke2 Ra2+ 59. Kd3 Ra3+ 60. Kc4 Ra6 61. Kd3 Rd6 62. Ke2 Nf6 63. Kf3 Ne8 64. Qc8 Rf6+ 65. Ke3 Nd6 66. Qc7 Rf1 67. Qd7 Re1+ 68. Kf3 Rxe4 69. Qe6+ Kf8 70. Qg6 Rd4 71. Qxh5 Rxd5 72. Qh8+ Kf7 73. Qh5+ Kg8 74. g4 e4+ 0-1

[Event "EYCC Girls-U18 2019"]
[Site "Bratislava"]
[Date "2019.08.08"]
[Round "7.21"]
[White "Buchta, Agnieszka"]
[Black "Urh, Zala"]
[Result "1/2-1/2"]
[ECO "C77"]
[WhiteElo "1818"]
[BlackElo "2072"]
[Annotator "NA"]
[PlyCount "73"]
[EventDate "2019.08.02"]
[EventType "swiss"]
[EventCountry "SVK"]
[SourceTitle "playchess.com"]
[Source "ChessBase"]
[SourceQuality "1"]
[TimeControl "40/5400+30:1800+30"]

1. e4 e5 2. Nf3 Nc6 3. Bb5 a6 4. Ba4 Nf6 5. d3 b5 6. Bb3 Be7 7. c3 O-O 8. O-O d6 9. Nbd2 Na5 10. Bc2 c5 11. Re1 Nc6 12. Nf1 Re8 13. Bg5 h6 14. Bxf6 Bxf6 15. Ne3 Be6 16. Bb3 Qd7 17. Bd5 Rac8 18. Bxc6 Qxc6 19. Nd2 c4 20. Ndf1 Red8 21. Qc2 cxd3 22. Qxd3 d5 23. exd5 Bxd5 24. Nxd5 Rxd5 25. Qf3 Rcd8 26. Ne3 R5d6 27. Qxc6 Rxc6 28. Red1 Rcd6 29. Rxd6 Rxd6 30. Rd1 Rxd1+ 31. Nxd1 Bg5 32. Kf1 Kf8 33. Ke2 Ke7 34. Kd3 f5 35. f3 Ke6 36. c4 Kd6 37. b4 1/2-1/2

[Event "EYCC Girls-U18 2019"]
[Site "Bratislava"]
[Date "2019.08.08"]
[Round "7.22"]
[White "Smetisko, Marija"]
[Black "Ciocan, Maria-Alexandra"]
[Result "1/2-1/2"]
[ECO "C01"]
[WhiteElo "1814"]
[BlackElo "2062"]
[Annotator "NA"]
[PlyCount "100"]
[EventDate "2019.08.02"]
[EventType "swiss"]
[EventCountry "SVK"]
[SourceTitle "playchess.com"]
[Source "ChessBase"]
[SourceQuality "1"]
[TimeControl "40/5400+30:1800+30"]

1. e4 e6 2. d4 d5 3. exd5 exd5 4. Nc3 c6 5. Bd3 Bd6 6. Nge2 Qc7 7. Ng3 Ne7 8. Nh5 O-O 9. Qf3 Ng6 10. Ne2 Nh4 11. Nf6+ gxf6 12. Bxh7+ Kxh7 13. Qh5+ Kg8 14. Qxh4 Qe7 15. Bh6 Re8 16. O-O-O Qe4 17. Nf4 Bxf4+ 18. Bxf4 Qh7 19. Qg3+ Kh8 20. Bxb8 Bf5 21. Bd6 Bxc2 22. Rd2 Bf5 23. h4 Re6 24. Bf4 Rc8 25. Be3 b6 26. h5 Bb1 27. h6 Rg8 28. Qg7+ Rxg7 29. hxg7+ Kxg7 30. Rxh7+ Bxh7 31. b4 Be4 32. Rd1 Kf8 33. f3 Bg6 34. Bf2 Re2 35. Rd2 Re8 36. Bg3 Kg7 37. Kd1 Bf5 38. Re2 Be6 39. Re3 a5 40. bxa5 bxa5 41. Ra3 Ra8 42. Ra4 Bd7 43. Be1 c5 44. Rxa5 Rxa5 45. Bxa5 cxd4 46. Kc2 Bb5 47. a3 f5 48. Bb6 d3+ 49. Kc3 Kf6 50. Be3 Ke5 1/2-1/2

[Event "EYCC Girls-U18 2019"]
[Site "Bratislava"]
[Date "2019.08.08"]
[Round "7.23"]
[White "Koljevic, Nikolina"]
[Black "Kouta, Antonia"]
[Result "1/2-1/2"]
[ECO "B91"]
[WhiteElo "1960"]
[BlackElo "1762"]
[Annotator "NA"]
[PlyCount "77"]
[EventDate "2019.08.02"]
[EventType "swiss"]
[EventCountry "SVK"]
[SourceTitle "playchess.com"]
[Source "ChessBase"]
[SourceQuality "1"]
[TimeControl "40/5400+30:1800+30"]

1. e4 c5 2. Nf3 d6 3. d4 cxd4 4. Nxd4 Nf6 5. Nc3 a6 6. g3 e5 7. Nde2 Be7 8. Bg2 b5 9. O-O Nbd7 10. Nd5 Nb6 11. b3 Nfxd5 12. exd5 O-O 13. Bb2 Bf6 14. h3 Qc7 15. Qd2 Bb7 16. g4 a5 17. Nc3 b4 18. Ne4 Be7 19. Ng3 Rfc8 20. Be4 a4 21. Rad1 axb3 22. axb3 Qc5 23. Bxe5 dxe5 24. d6 Rd8 25. Bxb7 Rxd6 26. Qe2 Rxd1 27. Rxd1 Rd8 28. Re1 f6 29. g5 Nd5 30. Bxd5+ Qxd5 31. Nf5 Qd7 32. Nxe7+ Qxe7 33. gxf6 gxf6 34. Kh2 Qd6 35. Rg1+ Kh8 36. Qg4 Qe7 37. h4 Qf8 38. Rd1 Rxd1 39. Qxd1 1/2-1/2

[Event "EYCC Girls-U18 2019"]
[Site "Bratislava"]
[Date "2019.08.08"]
[Round "7.24"]
[White "Koridze, Lile"]
[Black "Karatiken, Seray"]
[Result "1-0"]
[ECO "A40"]
[WhiteElo "1950"]
[BlackElo "1764"]
[Annotator "NA"]
[PlyCount "112"]
[EventDate "2019.08.02"]
[EventType "swiss"]
[EventCountry "SVK"]
[SourceTitle "playchess.com"]
[Source "ChessBase"]
[SourceQuality "1"]
[TimeControl "40/5400+30:1800+30"]

1. d4 Nf6 2. c4 e6 3. g3 Bb4+ 4. Bd2 Qe7 5. Bg2 Bxd2+ 6. Qxd2 d6 7. Nf3 O-O 8. O-O e5 9. Nc3 c6 10. dxe5 dxe5 11. Ng5 h6 12. Nge4 Nxe4 13. Nxe4 Na6 14. Rfd1 Be6 15. Qc3 Qb4 16. Qxe5 Qxc4 17. b3 Qb4 18. Rd4 Qe7 19. Rad1 Rad8 20. Nd6 Rd7 21. e3 Qg5 22. Qxg5 hxg5 23. Ne4 Rxd4 24. Rxd4 f6 25. Nd6 Rb8 26. Be4 Kf8 27. Kg2 Ke7 28. Nf5+ Kf7 29. g4 Nc5 30. Bc2 a5 31. Kg3 Rh8 32. Nd6+ Ke7 33. Nf5+ Kf7 34. a3 g6 35. Nd6+ Kg7 36. b4 axb4 37. axb4 Na6 38. Re4 Nc7 39. Nxb7 f5 40. Re5 fxg4 41. Rxg5 Rh6 42. Nc5 Bc8 43. Re5 Nd5 44. Re8 Rh3+ 45. Kg2 Rh8 46. Rxh8 Kxh8 47. Bxg6 Nxb4 48. Kg3 Nd5 49. Be4 Kg7 50. Bxd5 cxd5 51. Kf4 Kf6 52. Nd3 Kg6 53. Ke5 Bb7 54. Nf4+ Kg5 55. Nxd5 Kh4 56. Nf4 Ba8 {[%emt 0:01:46] Ke4} 1-0

[Event "EYCC Girls-U18 2019"]
[Site "Bratislava"]
[Date "2019.08.09"]
[Round "8.1"]
[White "Muetsch, Annmarie"]
[Black "Badelka, Olga"]
[Result "1/2-1/2"]
[ECO "B24"]
[WhiteElo "2266"]
[BlackElo "2386"]
[Annotator "NA"]
[PlyCount "62"]
[EventDate "2019.08.02"]
[EventType "swiss"]
[EventCountry "SVK"]
[SourceTitle "playchess.com"]
[Source "ChessBase"]
[SourceQuality "1"]
[TimeControl "40/5400+30:1800+30"]

1. e4 c5 2. Nc3 Nc6 3. Bb5 Nd4 4. Nf3 Nxb5 5. Nxb5 a6 6. Nc3 d6 7. d4 cxd4 8. Qxd4 e5 9. Qd3 Be7 10. Nd2 Be6 11. Nc4 Rc8 12. Ne3 Bg5 13. O-O Ne7 14. Nf5 Nxf5 15. Bxg5 Qxg5 16. exf5 Bxf5 17. Qxd6 Qe7 18. Qxe7+ Kxe7 19. Rfe1 f6 20. f4 Rc5 21. fxe5 fxe5 22. Re2 Rd8 23. Rae1 Ke6 24. Ne4 Bxe4 25. Rxe4 Rd2 26. R1e2 Rdxc2 27. Rxe5+ Rxe5 28. Rxc2 Kd6 29. Kf2 b5 30. b4 Re4 31. a3 Rf4+ 1/2-1/2

[Event "EYCC Girls-U18 2019"]
[Site "Bratislava"]
[Date "2019.08.09"]
[Round "8.2"]
[White "Kucharska, Honorata"]
[Black "Sliwicka, Alicja"]
[Result "0-1"]
[ECO "A45"]
[WhiteElo "2054"]
[BlackElo "2261"]
[Annotator "NA"]
[PlyCount "124"]
[EventDate "2019.08.02"]
[EventType "swiss"]
[EventCountry "SVK"]
[SourceTitle "playchess.com"]
[Source "ChessBase"]
[SourceQuality "1"]
[TimeControl "40/5400+30:1800+30"]

1. d4 Nf6 2. Bf4 d5 3. e3 c5 4. Nf3 Nc6 5. c3 Qb6 6. Qb3 c4 7. Qxb6 axb6 8. Nbd2 b5 9. Ne5 Bf5 10. f3 h6 11. g4 Bh7 12. h4 e6 13. g5 Nh5 14. Kf2 Nxf4 15. exf4 b4 16. g6 Nxe5 17. gxh7 Ng6 18. f5 Nf4 19. fxe6 fxe6 20. Ke3 Nh5 21. Bh3 Bd6 22. Rhg1 Kf7 23. cxb4 Bxb4 24. f4 Bd6 25. Bg4 Nf6 26. Bd1 Rxh7 27. Nf3 Ng8 28. Bc2 Rh8 29. Bg6+ Kf8 30. h5 Nf6 31. Ne5 Ke7 32. a3 Rhc8 33. Bc2 Kf8 34. Ng6+ Kg8 35. Ne5 b5 36. Rg6 Rc7 37. Rag1 Kf8 38. Ng4 Nxg4+ 39. R1xg4 Re8 40. Rg1 Rf7 41. R6g4 Ra8 42. Bg6 Rc7 43. Rc1 Be7 44. Rc2 Bf6 45. Rg1 Rb7 46. Rf1 b4 47. axb4 Rxb4 48. f5 e5 49. dxe5 Bxe5 50. Rd1 Ra5 51. Rcd2 Bf4+ 52. Kxf4 c3+ 53. Ke5 cxd2 54. Rxd2 Ke7 55. Re2 Re4+ 56. Rxe4 dxe4+ 57. Kxe4 Rb5 58. Kd4 Rxb2 59. Ke5 Rb5+ 60. Kd4 Kf6 61. Ke4 Rb4+ 62. Kd5 Rf4 {[%emt 0:00:16] Kd4 Ke5+} 0-1

[Event "EYCC Girls-U18 2019"]
[Site "Bratislava"]
[Date "2019.08.09"]
[Round "8.3"]
[White "Grigorieva, Yulia"]
[Black "Afonasieva, Anna"]
[Result "1-0"]
[ECO "D10"]
[WhiteElo "2096"]
[BlackElo "2370"]
[Annotator "NA"]
[PlyCount "87"]
[EventDate "2019.08.02"]
[EventType "swiss"]
[EventCountry "SVK"]
[SourceTitle "playchess.com"]
[Source "ChessBase"]
[SourceQuality "1"]
[TimeControl "40/5400+30:1800+30"]

1. d4 d5 2. c4 c6 3. cxd5 cxd5 4. Nc3 Nf6 5. Bf4 Nc6 6. e3 Bf5 7. Qb3 Na5 8. Qa4+ Bd7 9. Qc2 Rc8 10. Bd3 e6 11. Nf3 Bb4 12. O-O O-O 13. Ne5 Nc6 14. Bg5 Nxe5 15. dxe5 h6 16. Bh4 g5 17. Bg3 Nh5 18. f4 Nxg3 19. hxg3 Qb6 20. Qe2 Bxc3 21. bxc3 Rxc3 22. Rab1 Qc5 23. fxg5 hxg5 24. Rf6 Kg7 25. Qh5 Qxe3+ 26. Kh1 Qxd3 27. Qxg5+ Qg6 28. Rxg6+ fxg6 29. Rxb7 Rf7 30. Rxa7 Rc8 31. g4 Rcf8 32. Kh2 Rh8+ 33. Kg3 Rc8 34. a4 d4 35. a5 d3 36. a6 Rc3 37. Kh2 Rc5 38. Rb7 Rd5 39. a7 d2 40. a8=Q d1=Q 41. Qh4 Bc8 42. Rxf7+ Kxf7 43. Qf6+ Ke8 44. Qxc8+ 1-0

[Event "EYCC Girls-U18 2019"]
[Site "Bratislava"]
[Date "2019.08.09"]
[Round "8.4"]
[White "Goltseva, Ekaterina"]
[Black "Antova, Gabriela"]
[Result "1-0"]
[ECO "D45"]
[WhiteElo "2304"]
[BlackElo "2257"]
[Annotator "NA"]
[PlyCount "89"]
[EventDate "2019.08.02"]
[EventType "swiss"]
[EventCountry "SVK"]
[SourceTitle "playchess.com"]
[Source "ChessBase"]
[SourceQuality "1"]
[TimeControl "40/5400+30:1800+30"]

1. Nf3 d5 2. c4 c6 3. e3 Nf6 4. Nc3 e6 5. d4 Nbd7 6. Qc2 Bd6 7. Bd3 O-O 8. O-O dxc4 9. Bxc4 b5 10. Be2 Bb7 11. Rd1 Qc7 12. e4 e5 13. dxe5 Nxe5 14. Nd4 Ng6 15. g3 a6 16. Be3 Rfe8 17. Nf5 Be5 18. Bc5 Rad8 19. f4 Bxc3 20. Qxc3 Bc8 21. Rxd8 Rxd8 22. Qe3 Qb8 23. Bf3 Bxf5 24. exf5 Re8 25. Qa3 Nxf4 26. gxf4 Qxf4 27. Qd3 h5 28. Rf1 Re5 29. Bd4 Qg5+ 30. Bg2 Rd5 31. Kh1 Rd6 32. Bxf6 Qxf6 33. Qe3 Qxb2 34. Qe8+ Kh7 35. Qxf7 Rf6 36. Qxh5+ Rh6 37. Qg5 Qe5 38. h3 c5 39. Qd2 c4 40. Re1 Qg3 41. Re3 Qf4 42. Qe1 Qd4 43. Rg3 Rd6 44. Qe7 Rd7 45. Qe8 1-0